 Dungeon Crawl Stone Soup version 0.30.0-20-g3b4254fcbd (webtiles) character file.

Game seed: 8572838272473452288

19 Graphine the Grave Robber (level 2, -2/16 HPs)
             Began as a Vampire Necromancer on June 2, 2023.
             Slain by a gnoll
             ... wielding a +0 spear
              (4 damage)
             ... on level 2 of the Dungeon.
             The game lasted 00:03:13 (888 turns).

Graphine the Grave Robber (Vampire Necromancer)      Turns: 888, Time: 00:03:13

Health: -2/16      AC:  4    Str:  7    XL:     2   Next: 55%
Magic:  2/5        EV: 12    Int: 17    God:
Gold:   101        SH:  0    Dex: 14    Spells: 4/5 levels left

rFire   . . .        g - +1 dagger (elec)
rCold   + + .        (no shield)
rNeg    + + +        a - +0 robe
rPois   ∞            f - +2 hat
rElec   .            (no cloak)
rCorr   .            (no gloves)
SInv    +            (no boots)
Will    .....        (no amulet)
Stlth   +++++        (no ring)
HPRegen 0.00/turn    (no ring)
MPRegen 0.09/turn

%: no passive effects
@: bloodless, inhibited regen
A: bloodless, fangs 3, see invisible, vampiric 1
a: Revivify


You were on level 2 of the Dungeon.
You visited 1 branch of the dungeon, and saw 2 of its levels.

You collected 101 gold pieces.

Inventory:

Hand Weapons
 g - a +1 dagger of electrocution (weapon)
Armour
 a - a +0 robe (worn)
 f - a +2 hat (worn)
Scrolls
 c - a scroll of blinking {unknown}
 e - a scroll of teleportation {unknown}
 h - a scroll of silence {unknown}
 i - a scroll of amnesia {unknown}
 j - a scroll of enchant armour {unknown}
Potions
 b - a potion of magic
 d - a potion of heal wounds {unknown}


   Skills:
 + Level 0.6 Fighting
 - Level 2.1 Dodging
 * Level 3.9 Stealth
 + Level 2.2 Spellcasting
 + Level 4.5 Necromancy


You had 4 spell levels left.
You knew the following spells:

 Your Spells              Type           Power      Damage    Failure   Level
a - Necrotise             Necr           68%        1d7       3%          1

Your spell library contained the following spells:

 Spells                   Type           Power      Damage    Failure   Level
 Vampiric Draining        Necr           17%        2d7       9%          3
 Poisonous Vapours        Pois/Air       2%         N/A       28%         2
 Animate Dead             Necr           17%        N/A       28%         4
 Mephitic Cloud           Conj/Pois/Air  1%         N/A       50%         3
 Agony                    Necr           17%        N/A       63%         5
 Freezing Cloud           Conj/Ice/Air   0%         6-21      99%         5


Dungeon Overview and Level Annotations

Branches:
Dungeon (2/15)

Altars:

Shops:
D:1 ?[


Innate Abilities, Weirdness & Mutations

You do not regenerate when monsters are visible.
You are frail without blood (-20% HP).
You can heal yourself when you bite living creatures.
You are immune to poison.
You have razor-sharp teeth.
You have supernaturally acute eyesight. (SInv)
You are afflicted with vampirism.


Message History

A goblin comes into view. It is wielding a +0 dagger.
The gnoll shouts! x3; The hobgoblin shouts!
The goblin shouts!
The gnoll hits you from afar with a +0 spear.
You hit the gnoll but do no damage.
The hobgoblin hits you but does no damage.
The gnoll hits you with a +0 spear. The gnoll closely misses you.
Okay, then.
Okay, then.
The gnoll closely misses you. x2
The hobgoblin attacks as you move away! The hobgoblin hits you.
The hobgoblin attacks as you move away! The hobgoblin hits you.
* * * LOW HITPOINT WARNING * * *
Found a scroll labelled QOSIOD PIAVUD and a fizzy yellow potion.
The hobgoblin attacks as you move away! The hobgoblin barely misses you.
You are too injured to fight recklessly!
You are too injured to fight recklessly!
Casting: Necrotise (safe; 3% risk of failure)
Confirm with . or Enter, or press ? or * to list all spells.
Aiming: Necrotise (safe; 3% risk of failure)
Press: ? - help, Shift-Dir - straight line, f - hobgoblin
Aim: a hobgoblin (chance to affect: 87%)
The hobgoblin barely resists.
The hobgoblin closely misses you.
Unknown command.
Casting: Necrotise (safe; 3% risk of failure)
Confirm with . or Enter, or press ? or * to list all spells.
Aiming: Necrotise (safe; 3% risk of failure)
Press: ? - help, Shift-Dir - straight line, f/p - hobgoblin
Aim: a hobgoblin (chance to affect: 87%)
The hobgoblin writhes in agony.
You kill the hobgoblin!
The dead are walking!
The gnoll closely misses you.
Unknown command.
Casting: Necrotise (safe; 3% risk of failure)
Confirm with . or Enter, or press ? or * to list all spells.
Aiming: Necrotise (safe; 3% risk of failure)
Press: ? - help, Shift-Dir - straight line, f - gnoll
Aim: a gnoll, wielding a +0 whip (ally target, chance to affect: 81%)
The gnoll writhes in agony!
The gnoll hits you from afar with a +0 spear.
You die...

#...#..#.###..##..# ..
#...##..#.###.##..# ...
#...#.......#...#..##....
.........#...............
...........###...#..g....
. .......##.Z..g#.g###.
......>##..#.g.#g##
.........##g###.#
..#.#### #@# ..# ..
#..?...... ....##.#...
##...!.... ....#.# ##
..#.## ..... ...##.


You could see 3 gnolls and a friendly hobgoblin skeleton.

Vanquished Creatures
  A bat (D:1)
  An endoplasm (D:1)
  2 giant cockroaches (D:1)
  4 hobgoblins
  4 ball pythons (D:1)
  3 goblins
  A kobold (D:1)
  2 rats (D:1)
18 creatures vanquished.

Notes
Turn   | Place    | Note
-------+----------+-------------------------------------------
     0 | D:1      | Graphine the Vampire Necromancer began the quest for the
                  | Orb.
     0 | D:1      | Reached XP level 1. HP: 13/13 MP: 3/3
   206 | D:1      | Found Bynedu's Armour Shop.
   524 | D:1      | Reached XP level 2. HP: 11/16 MP: 0/5
   688 | D:1      | Found Eceocuam's Magic Scroll Boutique.
   888 | D:2      | Slain by a gnoll

Illustrated notes

Levels and vault maps discovered:
D:1:      noname_arrival_rooms_in_the_neighbourhood, layout_basic, serial_shops,
          shop, shop
D:2:      minmay_diamond_boxcup, layout_rooms, uniq_crazy_yiuf_cottage

Action                     || total
---------------------------++-------
  Melee: Unarmed           ||    18
         Bite              ||     4
         Punch             ||     1
         Dagger            ||     4
   Cast: Necrotise         ||    22
Ability: Exsanguinate      ||     1
   Stab: Sleeping          ||     3
 Armour: Robe              ||     4
  Dodge: Dodged            ||    27
